 Dungeon Crawl Stone Soup version 0.30-a0-765-g3161bf10a1 (webtiles) character file.

Game seed: 6553271842649055537

209 Oxelix the Conjurer (level 5, -2/28 HPs)
             Began as a Deep Elf Conjurer on Feb 12, 2023.
             Slain by Grinder (8 damage)
             ... on level 3 of the Dungeon.
             The game lasted 00:06:02 (3497 turns).

Oxelix the Conjurer (Deep Elf Conjurer)             Turns: 3497, Time: 00:06:03

Health: -2/28      AC:  4    Str:  6    XL:     5   Next: 55%
Magic:  9/14       EV: 11    Int: 25    God:
Gold:   131        SH:  0    Dex: 13    Spells: 11/14 levels left

rFire   . . .      SeeInvis .    c - +12 hammer "Sojenk Xeopn" {freeze, Str+2}
rCold   . . .      Faith    .    (no shield)
rNeg    . . .      Spirit   .    k - +0 leather armour
rPois   .          Reflect  .    (no helmet)
rElec   .          Harm     .    s - +0 cloak
rCorr   .          Rampage  .    (no gloves)
Will    .....                    (no boots)
Stlth   ++                       (no amulet)
HPRegen 0.24/turn                (no ring)
MPRegen 0.14/turn                (no ring)

@: no status effects
A: no striking features
a: no special abilities


You were on level 3 of the Dungeon.
You visited 1 branch of the dungeon, and saw 3 of its levels.

You collected 131 gold pieces.

Inventory:

Hand Weapons
 c - the +12 hammer "Sojenk Xeopn" (weapon) {freeze, Str+2}
   (You found it on level 3 of the Dungeon)

   Str:       It affects your strength (+2).
Missiles
 g - 5 javelins
 i - 4 poisoned darts
 r - a silver boomerang
Armour
 a - a +0 robe
 k - a +0 leather armour (worn)
 s - a +0 cloak (worn)
Wands
 o - a wand of roots (3)
Scrolls
 f - a scroll of teleportation {unknown}
 m - a scroll of butterflies {unknown}
 n - a scroll of acquirement {unknown}
Potions
 b - a potion of magic
 d - a potion of flight {unknown}
 e - a potion of brilliance {unknown}
 h - a potion of curing {unknown}
 j - a potion of ambrosia {unknown}
 l - 2 potions of degeneration {unknown}
 p - a potion of cancellation {unknown}
 q - a potion of mutation {unknown}


   Skills:
 - Level 2.8 Dodging
 - Level 2.9 Stealth
 + Level 5.0 Spellcasting
 * Level 6.5 Conjurations


You had 11 spell levels left.
You knew the following spells:

 Your Spells              Type           Power      Damage    Failure   Level
a - Magic Dart            Conj           100%       1d8       1%          1
b - Searing Ray           Conj           76%        2d7       1%          2

Your spell library contained the following spells:

 Spells                   Type           Power      Damage    Failure   Level
 Dazzling Flash           Conj/Hex       44%        N/A       10%         3
 Fulminant Prism          Conj/Hex       11%        3d8       32%         4
 Iskenderun's Mystic Bla  Conj/Tloc      22%        2d6       32%         4


Dungeon Overview and Level Annotations

Branches:
Dungeon (3/15)

Altars:

Annotations:
D:3 Grinder


Message History

The magic dart hits Grinder.
Grinder is lightly wounded.
Grinder gestures at you.
You suddenly lose the ability to move!
You can move again.
Casting: Magic Dart (safe; 1% risk of failure)
Confirm with . or Enter, or press ? or * to list all spells.
You don't know that spell.
Casting: Magic Dart (safe; 1% risk of failure)
Confirm with . or Enter, or press ? or * to list all spells.
Aiming: Searing Ray (safe; 1% risk of failure)
Press: ? - help, Shift-Dir - straight line, f/p - Grinder
Aim: Grinder (lightly wounded, 78% to hit)
The searing ray hits Grinder!
Grinder is moderately wounded. (Press . to maintain the ray.)
The searing ray hits Grinder!
Grinder is heavily wounded.
The searing ray hits Grinder!
Grinder is severely wounded.
The searing ray hits Grinder.
Grinder is severely wounded.
You finish channelling your searing ray.
Grinder gestures at you. Pain shoots through your body!
You hit Grinder.
Grinder is almost dead.
Grinder drinks a potion.
Grinder is healed!
Grinder gestures at you.
You suddenly lose the ability to move!
Grinder hits you but does no damage. x2
Grinder hits you.
You writhe in agony.
Grinder hits you.
You writhe in agony.
* * * LOW HITPOINT WARNING * * *
You can move again.
Unknown command.
You barely miss Grinder.
Grinder is moderately wounded.
Grinder hits you!
You die...

########## .........#
.........# ######
.........# #...<#
.........# #.####
.........###.###########
.........'......@5......
#........###.##########.#
...........#.# #......#.#
#.+##+#+##.#.# #.####.#.#
...#....<..#.# #.# #.#?#
#..#..######.###.# #.#.#
................>####.#.#
.###.########..##.....#.#
......................#.#


You could see Grinder.

Vanquished Creatures
  Crazy Yiuf (D:3)
  2 orc wizards (D:3)
  3 adders
  3 river rats (D:3)
  A worm (D:3)
  4 dart slugs
  5 orcs (D:3)
  4 ball pythons
  6 bats
  8 endoplasms
  4 giant cockroaches
  2 goblins (D:1)
  3 hobgoblins
  5 quokkas
  2 frilled lizards (D:3)
  5 kobolds
  4 rats
62 creatures vanquished.

Notes
Turn   | Place    | Note
-------+----------+-------------------------------------------
     0 | D:1      | Oxelix the Deep Elf Conjurer began the quest for the Orb.
     0 | D:1      | Reached XP level 1. HP: 10/10 MP: 6/6
   300 | D:1      | Reached XP level 2. HP: 15/15 MP: 5/8
   583 | D:1      | Learned a level 2 spell: Searing Ray
   834 | D:1      | Reached XP level 3. HP: 19/19 MP: 6/10
  1489 | D:2      | Reached skill level 5 in Conjurations
  2216 | D:3      | Noticed Grinder
  2354 | D:3      | Reached XP level 4. HP: 24/24 MP: 7/12
  2527 | D:3      | Reached skill level 6 in Conjurations
  2636 | D:3      | Identified the +12 hammer "Sojenk Xeopn" {freeze, Str+2}
  2641 | D:3      | Found a runed translucent door.
  2642 | D:3      | Noticed Crazy Yiuf
  2681 | D:3      | Reached XP level 5. HP: 28/28 MP: 10/13
  3371 | D:3      | Killed Crazy Yiuf
  3372 | D:3      | Reached skill level 5 in Spellcasting
  3485 | D:3      | Paralysed by Grinder for 3 turns
  3492 | D:3      | Paralysed by Grinder for 5 turns
  3497 | D:3      | Slain by Grinder

Illustrated notes

Levels and vault maps discovered:
D:1:      kennysheep_arrival_seaside, layout_loops_ring, minivault_26,
          st_stairs_8, minmay_cut_off
D:2:      layout_loops_ring
D:3:      layout_basic, serial_glass, glass_columns_a, glass_columns_b,
          gup_sewer_entry_bubbles, uniq_grinder, uniq_crazy_yiuf_cottage

Skill      XL: |  1  2  3  4  5 |
---------------+----------------+-----
Conjurations   | 5 6 |  6.5
Spellcasting   | 4 5 |  5.0
Dodging        | |  2.8
Stealth        | |  2.9

Action                     |  1- 3 |  4- 6 || total
---------------------------+-------+-------++-------
  Melee: Short sword       |     3 |       ||     3
         Mace              |       |     4 ||     4
         Dagger            |       |     1 ||     1
   Cast: Magic Dart        |    77 |    47 ||   124
         Searing Ray       |     1 |     6 ||     7
 Armour: Robe              |     1 |       ||     1
         Leather armour    |       |     7 ||     7
  Dodge: Dodged            |    10 |     7 ||    17

Table legend: (Time is in decaauts)
 A = Elapsed time spent in this place.
 B = Non-inter-level travel time spent in this place.
 C = Inter-level travel time spent in this place.
 D = Time resting spent in this place.
 E = Time spent auto-exploring this place.
 F = Levels seen in this place.
 G = Mean time per level.
                   A        B        C        D        E       F      G
               +--------+--------+--------+--------+--------+-----+--------+
         Total |   3544 |   3460 |     84 |    233 |   2782 |   3 | 1181.3 |
       Dungeon |   3544 |   3460 |     84 |    233 |   2782 |   3 | 1181.3 |
               +--------+--------+--------+--------+--------+-----+--------+

Top non-repeatable levels by time:
     D:3: 1586 daAuts
     D:1: 1229 daAuts
     D:2: 728 daAuts
